[Event "Early-Titled-Tuesday-Blitz-April-23-2024"]
[Site "Chess.com"]
[Date "2024.04.23"]
[Round "11"]
[White "DominguezOnYoutube"]
[Black "blitzking1729"]
[Result "1-0"]
[WhiteElo "2964"]
[BlackElo "2790"]
[TimeControl "180+1"]
[EndTime "10:12:34 PDT"]
[Termination "DominguezOnYoutube won by resignation"]

1. e4 e5 2. Nf3 Nc6 3. Bb5 a6 4. Ba4 Nf6 5. O-O d6 6. Re1 Bd7 7. c3 g6 8. d4 Bg7 9. h3 O-O 10.
Bc2 exd4 11. cxd4 Nh5 12. Nc3 Nb4 13. Bb3 Kh8 14. Ng5 Qe8 15. e5 dxe5 16. dxe5 Rd8 17. Nxf7+ Rxf7 18. Bxf7 Qxf7 19. e6 Qf5 20. exd7 Nf6 21. g4 Qxd7 22. Qxd7 Rxd7 23. Rd1 Rxd1+ 24. Nxd1 Ne4 25. a3 Nc2 26. Ra2 Nd4 27. b4 b6 28.
Kg2 c5 29. bxc5 bxc5 30. Rb2 Nb5 31. Re2 Ned6 32. a4 Nd4 33. Re7 Kg8 34. Rd7 Nc4 35.
Nc3 Nb6 36. Rd6 Nc4 37. Rxa6 Nb3 38. Ne2 Nxc1 39. Nxc1 Bb2 40. Nd3 Bd4 41. Ra7 Nd2 42. Rd7 Nb3 43. Rc7 h5 44. gxh5 gxh5 45. f4 Kf8 46.
Kf3 Ke8 47. f5 Kd8 48. Rc6 Kd7 49. Rg6 c4 50. Nf4 c3 51. Ne2 c2 52. f6 Ke6 53.
f7+ Kxf7 54. Rc6 Bc5 55. a5 Ke7 56. Ke4 Kd7 57. Kd5 h4 58. a6 c1=Q 59. Nxc1 Nxc1 60. Rxc5 Nb3 61. a7 1-0

[Event "Early-Titled-Tuesday-Blitz-April-23-2024"]
[Site "Chess.com"]
[Date "2024.04.23"]
[Round "11"]
[White "ilqar_74"]
[Black "Fh2411"]
[Result "1-0"]
[WhiteElo "2741"]
[BlackElo "2568"]
[TimeControl "180+1"]
[EndTime "10:12:45 PDT"]
[Termination "ilqar_74 won on time"]

1. e4 c6 2. Nf3 d5 3. Nc3 Bg4 4.
h3 Bxf3 5. Qxf3 e6 6. d4 dxe4 7.
Qxe4 Nf6 8. Qd3 Nbd7 9. Be2 Be7 10. O-O O-O 11. Ne4 Nxe4 12. Qxe4 Nf6 13. Qd3 a5 14. c4 a4 15. Rd1 Qb6 16. Rb1 Rfd8 17. Be3 Qa5 18. Qc2 Rd7 19. b3 axb3 20. axb3 Qd8 21. Bf3 h6 22. g3 Bb4 23. Kg2 Qe7 24. Ra1 Rdd8 25. Ra4 Rxa4 26. bxa4 Qc7 27. Rb1 Ba5 28. Qb3 b6 29. Rc1 c5 30. d5 e5 31. Qc2 Qe7 32. Rd1 e4 33. Be2 Ne8 34. Rb1 Nd6 35. Bd2 Bxd2 36.
Qxd2 Qa7 37. Qf4 Qc7 38. Ra1 Ra8 39. h4 Qe7 40. Rb1 Ra6 41. Rb3 Qf6 42. Qg4 Qf5 43. Qxf5 Nxf5 44. Ra3 Nd6 45. f3 exf3+ 46. Kxf3 h5 47. Kf4 f6 48. Ra1 g6 49. Bd3 Kf7 50.
Kf3 Ra7 51. Rb1 Ra6 52. Rb3 f5 53. Ra3 Kf6 54. Ra1 Nf7 55. Bf1 Ne5+ 56. Ke3 Ra8 57. Ra2 Ra6 58. Be2 Nf7 59. Kf4 Ne5 60. Bf1 Nd7 61. Re2 Rxa4 62. Re6+ Kf7 63. Rd6 Nf6 64. Bg2 b5 65. Kg5 1-0

[Event "Early-Titled-Tuesday-Blitz-April-23-2024"]
[Site "Chess.com"]
[Date "2024.04.23"]
[Round "11"]
[White "GM_dmitrij"]
[Black "Polish_fighter3000"]
[Result "0-1"]
[WhiteElo "3004"]
[BlackElo "3118"]
[TimeControl "180+1"]
[EndTime "10:12:48 PDT"]
[Termination "Polish_fighter3000 won by resignation"]

1. e4 e6 2. d4 d5 3. Nc3 dxe4 4. Nxe4 Bd7 5. Nf3 Bc6 6. Bd3 Nd7 7. O-O Ngf6 8. Nc3 g6 9. Re1 Bg7 10. Bg5 h6 11. Bh4 O-O 12. Ne5 g5 13. Nxc6 bxc6 14. Bg3 c5 15. Bb5 cxd4 16. Qxd4 Nd5 17. Qc4 N7b6 18.
Qc6 Nxc3 19. bxc3 Qd5 20. Red1 Qxc6 21. Bxc6 Rad8 22. Rab1 Bxc3 23. Bxc7 Rc8 24. Bxb6 axb6 25. Rxb6 Rfd8 26. Rd3 Rxd3 27. cxd3 Bd4 28. Ra6 Kg7 29.
g3 Rb8 30. Ra4 e5 31. Kf1 Rb1+ 32. Kg2 Rb2 33. g4 Rxf2+ 34. Kg3 Rf4 35. Be4 h5 36. h3 h4+ 37. Kg2 Rf2+ 38. Kh1 Kf6 39. Ra6+ Ke7 40. a4 Ra2 41. a5 Rb2 42. Ra8 Rb1+ 43.
Kg2 Rg1+ 44. Kh2 Ra1 45. a6 Ra2+ 46. Kh1 Be3 47. Rb8 Rxa6 48. Rb7+ Ke6 49. Rc7 Ra1+ 50. Kg2 Bd4 51. Rc6+ Kd7 52. Rf6 Ke7 53. Rc6 Rg1+ 54. Kh2 Rf1 55. Kg2 Rf2+ 56. Kh1 f6 57. Bf5 Rf1+ 58.
Kg2 Rf2+ 59. Kh1 Rf3 60. Kg2 Rg3+ 61. Kh2 Bg1+ 62. Kh1 Be3 63. Kh2 Bf4 64. Re6+ Kf7 65. Rb6 Rxg4+ 66. Kh1 Rg3 67. Rb7+ Ke8 68. Rb8+ Ke7 69.
Rb6 Rf3 70. Re6+ Kf7 71. Rd6 Rf2 72. Kg1 Rd2 73. Kf1 e4 74. Bxe4 Bxd6 0-1

[Event "Early-Titled-Tuesday-Blitz-April-23-2024"]
[Site "Chess.com"]
[Date "2024.04.23"]
[Round "11"]
[White "Ariadna_Atreides"]
[Black "kekic76"]
[Result "0-1"]
[WhiteElo "2229"]
[BlackElo "2354"]
[TimeControl "180+1"]
[EndTime "10:12:52 PDT"]
[Termination "kekic76 won by resignation"]

1. d4 d5 2. Nf3 Nf6 3. e3 c6 4. Bd3 Bg4 5. Nbd2 e6 6. h3 Bh5 7. O-O Be7 8. b3 O-O 9. Bb2 Nbd7 10. c4 dxc4 11. Nxc4 Nd5 12. Rc1 N7f6 13. Bb1 Nb6 14. Nce5 Nbd7 15. Qd3 Nxe5 16. Nxe5 Bg6 17. Nxg6 hxg6 18.
e4 Qb6 19. Rfd1 Rfd8 20. Qf3 Qa5 21. g4 Ba3 22. Bxa3 Qxa3 23. g5 Nh5 24. h4 Qb4 25. Qe3 Rd7 26. f4 Rad8 27. Rc4 Qd6 28. f5 Qg3+ 29.
Qxg3 Nxg3 30. Kf2 Nh5 31. fxe6 fxe6 32. e5 Kh7 33. Ke3 Ng3 34. Rg1 Nf5+ 35. Bxf5 gxf5 36. h5 Rd5 37. Rf1 a6 38. Rf4 R5d7 39. Rc3 Rd5 40.
b4 R5d7 41. a3 Rd5 42. Rb3 R5d7 43. Rb2 Rd5 44. Rb3 R5d7 45. Rb2 Rc7 46. Rc2 Rf7 47.
a4 Rfd7 48. Rb2 Rd5 49. Rb3 b5 50. a5 R5d7 51. Rc3 Rc7 52. Rf2 Rdc8 53. Rfc2 Kg8 54. Rc5 Kf7 55. Kf4 Ke7 56. d5 exd5 57. Kxf5 Kf7 58.
g6+ Kf8 59. e6 Ke7 60. Ke5 Ke8 61. Kd6 Kd8 62. Rxc6 Rxc6+ 63. Rxc6 Rxc6+ 64. Kxc6 d4 65.
Kb6 d3 66. Kxa6 d2 67. Kb6 d1=Q 68. a6 Qd5 69. a7 Qa8 70. Ka6 Ke7 71. Kb6 Kxe6 72. h6 gxh6 73. g7 Kf7 74. Kxb5 Qxa7 75. Kc6 Kxg7 0-1

[Event "Early-Titled-Tuesday-Blitz-April-23-2024"]
[Site "Chess.com"]
[Date "2024.04.23"]
[Round "11"]
[White "nicolochessit"]
[Black "UnTucopalaTimba"]
[Result "0-1"]
[WhiteElo "2230"]
[BlackElo "2033"]
[TimeControl "180+1"]
[EndTime "10:12:52 PDT"]
[Termination "UnTucopalaTimba won on time"]

1. e4 c6 2. d4 d5 3. Nc3 dxe4 4. Nxe4 Bf5 5. Ng3 Bg6 6. h4 h6 7.
Nh3 Nd7 8. Nf4 Bh7 9. Bc4 Ngf6 10. Qe2 Qc7 11. O-O g5 12. hxg5 hxg5 13. Nfh5 Nxh5 14. Qxh5 O-O-O 15. Bxg5 f6 16. Be3 Bg7 17. Qf7 Bf8 18. Qh5 Bg7 19. Rfe1 Bxc2 20. Qe2 Bg6 21. d5 c5 22. b4 cxb4 23. Rec1 Kb8 24. a3 f5 25. axb4 Bxa1 26. Rxa1 b6 27. Rc1 Qd6 28. Qd2 e5 29.
Bb5 Rc8 30. Bc6 f4 31. Bc5 Nxc5 32. bxc5 Qc7 33. cxb6 Qxb6 34. Ra1 fxg3 35. Ra2 gxf2+ 36. Qxf2 Qxf2+ 37. Rxf2 e4 38. Rb2+ Kc7 39. Rb7+ Kd6 40. Rxa7 Rxc6 41. dxc6 Rc8 42. Rg7 Be8 43. Kf2 Bxc6 44. Ke3 Rf8 45. Rg6+ Kc5 46. Rg5+ Kc4 47. Re5 Rg8 48. Re6 Kd5 49. Rh6 Rxg2 50. Rh5+ Kc4 51.
Rh6 Bd5 52. Rh8 Rg3+ 53. Ke2 e3 54. Rc8+ Kd4 55. Rb8 Rg2+ 56. Kf1 Rf2+ 57. Ke1 Be4 58. Rb4+ Kd3 59. Rb3+ Kd4 60. Rb4+ Ke5 61. Rb5+ Kf4 62. Rb8 Rh2 63. Rf8+ Bf5 64. Re8 Bg4 65. Rf8+ Kg3 0-1

[Event "Early-Titled-Tuesday-Blitz-April-23-2024"]
[Site "Chess.com"]
[Date "2024.04.23"]
[Round "11"]
[White "sonicdravise"]
[Black "MatyChess1"]
[Result "0-1"]
[WhiteElo "2618"]
[BlackElo "2704"]
[TimeControl "180+1"]
[EndTime "10:12:55 PDT"]
[Termination "MatyChess1 won by checkmate"]

1. Nf3 d5 2. e3 Nf6 3. c4 e6 4.
b3 Bd6 5. Bb2 a6 6. Nc3 b6 7.
cxd5 exd5 8. Be2 O-O 9. O-O Re8 10. d4 Bf5 11. Rc1 Nbd7 12. h3 c6 13. Bd3 Ne4 14.
Ne2 Rc8 15. Bxa6 Ra8 16. Bd3 Rxa2 17. Rc2 Qf6 18. Nc3 Rxb2 19. Bxe4 dxe4 20. Rxb2 exf3 21. Qxf3 Qg6 22. Kh1 h5 23. Qxc6 Nf8 24. e4 Bd7 25. Qxb6 Rb8 26. Qa6 Bc8 27. Qd3 Ne6 28. Nd5 Bb7 29. Qe3 Re8 30. Nc3 Bf4 31. Qd3 Bb8 32. Qe3 Bf4 33. Qd3 Bc7 34. d5 Nf4 35. Qf3 Qf6 36.
Ne2 Qxb2 37. Nxf4 Qe5 38. g3 Qxe4 39. Qxe4 Rxe4 40. Nxh5 Bxd5 41. Kg1 Be5 42. Rd1 Rd4 43. Rxd4 Bxd4 44. b4 g5 45. b5 Kh7 46. b6 Kg6 47. b7 Bxb7 48. g4 Be5 49. Ng3 Bxg3 50. fxg3 Bf3 51.
Kf2 Be4 52. Ke3 Bb7 53. Kf2 f6 54. Ke3 Kf7 55. Kd4 Ke6 56. Ke3 Ke5 57. h4 Bc8 58. Kf3 Bb7+ 59. Ke3 Ke6 60. Kd4 Bf3 61. h5 Bxg4 62. h6 Bf5 63. g4 Bh7 64. Ke3 Kf7 65.
Kf3 Kg6 66. Kg3 Kxh6 67. Kh3 Kg7 68. Kg3 Bg8 69. Kf3 Be6 70. Ke3 Bxg4 71. Ke4 Be6 72. Ke3 Kf7 73. Kf3 Kg6 74. Kg3 f5 75. Kf3 f4 76. Kf2 Kf5 77. Kg2 g4 78. Kf2 Bd5 79.
Kf1 g3 80. Kg1 Kg4 81. Kf1 f3 82. Kg1 f2+ 83. Kf1 Bc4+ 84. Kg2 f1=Q# 0-1

[Event "Early-Titled-Tuesday-Blitz-April-23-2024"]
[Site "Chess.com"]
[Date "2024.04.23"]
[Round "11"]
[White "rasmussvane"]
[Black "bubeliang"]
[Result "1-0"]
[WhiteElo "2953"]
[BlackElo "2784"]
[TimeControl "180+1"]
[EndTime "10:12:56 PDT"]
[Termination "rasmussvane won by checkmate"]

1. Nf3 Nf6 2. g3 d5 3. Bg2 e6 4. O-O Be7 5. c4 dxc4 6. Na3 a6 7. Nxc4 b5 8. Na5 Nd5 9. Ne5 O-O 10. Nac6 Nxc6 11.
Nxc6 Qd7 12. Nxe7+ Qxe7 13. d4 Bb7 14. Bd2 c5 15. dxc5 Qxc5 16. Qb3 Rac8 17. Rac1 Qb6 18. e4 Nf6 19. Be3 Qa5 20. f3 Rfd8 21. a3 h6 22. Qb4 Qxb4 23. axb4 Nd7 24. Bd4 Nb8 25.
Bb6 Re8 26. Kf2 Nc6 27. Bc5 a5 28. bxa5 Nxa5 29. Bb4 Nc4 30. b3 Ne5 31. Ke2 Nc6 32.
Bc3 b4 33. Bd2 Ba6+ 34. Ke3 Bxf1 35. Bxf1 Na5 36. Rb1 Rb8 37. Bd3 e5 38. Rb2 Red8 39. Ke2 Nc6 40. Bc4 Nd4+ 41. Ke3 g6 42. f4 Nc6 43.
Bd5 Ne7 44. Bc4 exf4+ 45. gxf4 Kg7 46. Ra2 Rd7 47. Ra4 Rdb7 48. Bc1 Nc8 49. Bb2+ Kh7 50.
Bd5 Nb6 51. Ra5 Nxd5+ 52. exd5 Rc8 53. Be5 g5 54. f5 Re7 55. Kd4 Rd7 56. d6 f6 57. Bg3 h5 58. Kd5 h4 59. Bf2 Rcd8 60. Bc5 Kh6 61. Bxb4 Kh5 62. Ra4 g4 63. Ke6 Rb7 64.
Bc3 Re8+ 65. Kd5 Rb5+ 66. Kc6 Rxb3 67. Bxf6 Rf8 68. Be7 Rg8 69. d7 Rd3 70. f6 Kg6 71. Rxg4+ Kf7 72. Rxg8 Kxg8 73. d8=Q+ Rxd8 74. Bxd8 Kf7 75.
Kd6 Kg6 76. Ke7 Kg5 77. f7 Kg4 78. f8=Q Kh3 79. Qf3+ Kxh2 80. Bc7+ Kg1 81. Qg4+ Kh1 82. Qh3+ Kg1 83. Bb6# 1-0

[Event "Early-Titled-Tuesday-Blitz-April-23-2024"]
[Site "Chess.com"]
[Date "2024.04.23"]
[Round "11"]
[White "LikeWater"]
[Black "vladgoncharov"]
[Result "0-1"]
[WhiteElo "2673"]
[BlackElo "2611"]
[TimeControl "180+1"]
[EndTime "10:12:56 PDT"]
[Termination "vladgoncharov won on time"]

1. e4 e6 2. d3 c5 3. g3 Nc6 4. Bg2 d6 5. Ne2 g6 6. h4 Nf6 7. c3 e5 8. Bg5 h6 9. Bxf6 Qxf6 10. h5 gxh5 11. Nd2 Bg4 12. Qb3 O-O-O 13. Nc4 Bf3 14. Bxf3 Qxf3 15. Rh2 Be7 16. Ne3 Bg5 17. Ng1 Qf6 18. Nd5 Qg6 19. Ne2 f5 20. f4 exf4 21. gxf4 fxe4 22. dxe4 Be7 23. O-O-O Qxe4 24. Ng3 Qf3 25.
Nf5 Bf8 26. Rhd2 Qg4 27. Nfe3 Qg7 28. f5 h4 29. f6 Qg5 30. Nc4 h3 31. Kb1 h5 32. a4 h4 33. Ka2 Rg8 34. a5 a6 35.
Ncb6+ Kb8 36. Re2 Nxa5 37. Qa4 Nc6 38. Rde1 Qg6 39. Qc4 Rh8 40. Qf4 Ne5 41. Rxe5 dxe5 42. Qxe5+ Bd6 43. Qe6 Rhe8 44. Nd7+ Rxd7 45. Qxe8+ Qxe8 46. Rxe8+ Ka7 47. Rh8 h2 48. Rxh4 Rf7 49. Rh6 Be5 50. c4 b5 51. Kb3 Kb7 52. Kc2 Kc6 53. b3 bxc4 54. bxc4 Kd6 55. Kd3 Ke6 56. Ke4 a5 57. Rh5 Bd6 58. Rh8 a4 59. Re8+ Kd7 60. Rh8 a3 61. Nc3 Rxf6 62. Rh7+ Kc6 63. Kd3 Rf3+ 64.
Kc2 Rf2+ 65. Kb3 Rg2 66. Kxa3 Rg1 67. Nd5 h1=Q 0-1

[Event "Early-Titled-Tuesday-Blitz-April-23-2024"]
[Site "Chess.com"]
[Date "2024.04.23"]
[Round "11"]
[White "shimastream"]
[Black "Grischuk"]
[Result "0-1"]
[WhiteElo "3055"]
[BlackElo "3092"]
[TimeControl "180+1"]
[EndTime "10:12:57 PDT"]
[Termination "Grischuk won on time"]

1. d4 d5 2. Nf3 Nf6 3. c4 c6 4. cxd5 cxd5 5. Nc3 Nc6 6. Bf4 Bf5 7. e3 e6 8. Ne5 Nxe5 9. Bxe5 Nd7 10. Bg3 Be7 11. Qb3 Qb6 12. Bb5 Rd8 13. O-O O-O 14. Rfc1 a6 15. Ba4 Qxb3 16. Bxb3 Rc8 17. Nxd5 exd5 18.
Bxd5 b5 19. Bb7 Rxc1+ 20. Rxc1 Nf6 21. f3 Be6 22. b3 Ba3 23. Rc7 Nd5 24. Bxd5 Bxd5 25.
e4 Be6 26. d5 Bc8 27. Kf1 h6 28. h4 h5 29. Ke2 Re8 30. Kd3 f6 31. Bf4 Bf8 32.
Kd4 Rd8 33. Ra7 Rd7 34. Ra8 Bb7 35. Rb8 Kf7 36. a4 bxa4 37. bxa4 Be7 38. Kc4 Bd8 39. Kb4 Bb6 40. a5 Ba7 41. Rh8 Kg6 42. Kc4 Bf2 43. g3 Be1 44. Kc5 Bxa5 45. Be3 Bc7 46. Bf4 Bd8 47.
Rg8 a5 48. Kb5 Bxd5 49. exd5 Rxd5+ 50. Kc6 Rd3 51. Re8 Kf7 52. Re4 Rxf3 53. Kd7 Rd3+ 54.
Kc6 Be7 55. Bc7 Bb4 56. Kb5 Rd5+ 57. Ka4 Rf5 58. Rc4 g5 59. hxg5 fxg5 60. Rd4 Ke6 61. Bb8 Rd5 62. Rc4 Kf5 63. Kb3 Rd3+ 64. Ka4 Ra3+ 65.
Kb5 Rd3 66. Ka4 Rd8 67. Bc7 Re8 68. Kb5 Re4 69. Rc6 Kg4 70. Rg6 Be1 71. Bd8 Re5+ 72.
Kc4 Bxg3 73. Kd4 Rf5 74. Ke4 h4 75. Rh6 h3 0-1

[Event "Early-Titled-Tuesday-Blitz-April-23-2024"]
[Site "Chess.com"]
[Date "2024.04.23"]
[Round "11"]
[White "hakanazeri2"]
[Black "HATilay"]
[Result "1/2-1/2"]
[WhiteElo "2561"]
[BlackElo "2646"]
[TimeControl "180+1"]
[EndTime "10:13:04 PDT"]
[Termination "Game drawn by stalemate"]

1. e4 e6 2. d4 d5 3. Nd2 Nf6 4. Bd3 a6 5. exd5 exd5 6. Ngf3 Bd6 7. O-O O-O 8. c4 dxc4 9. Nxc4 Bg4 10. h3 Bh5 11. Bg5 h6 12. Bh4 g5 13. Nxd6 Qxd6 14. Bg3 Qd5 15. Bxc7 Nc6 16. g4 Nxg4 17. hxg4 Bxg4 18.
Be2 Rae8 19. Be5 f6 20. Rc1 Kg7 21. Rc5 Qe4 22. Bd6 Rf7 23. Nxg5 Bxe2 24. Nxe4 Bxd1 25.
Rxd1 Rxe4 26. d5 Rd4 27. Rxd4 Nxd4 28. Kg2 Rd7 29. Bh2 Kf7 30. d6 Nb5 31. Rh5 Nxd6 32. Rxh6 Ke6 33. Rh4 Nf5 34. Re4+ Kf7 35. Re2 Nd4 36.
Rd2 Ke6 37. Bg3 Nf5 38. Re2+ Kf7 39. Bf4 Nd4 40. Rd2 Ke6 41. Rd3 Nf5 42. Rb3 b5 43. Rc3 Nd4 44. Be3 Kd5 45. Bxd4 Kxd4 46. Rc6 Ke5 47.
Rxa6 Rd2 48. b4 Rb2 49. a3 Rb3 50. Ra5 Ke4 51. Rxb5 Rxa3 52. Rc5 Rb3 53. b5 f5 54. Kg1 f4 55. Kg2 Kd4 56. Rf5 Ke4 57. Rh5 Kd4 58.
Rf5 Ke4 59. Rg5 Kd4 60. f3 Ke3 61. Re5+ Kd4 62. Re4+ Kd5 63. Rxf4 Ke5 64. Re4+ Kf5 65. Rh4 Kg5 66. Rg4+ Kf5 67. Rh4 Kg5 68. Kg3 Rxb5 69.
f4+ Kg6 70. Kg4 Rb1 71. f5+ Kf6 72. Rh6+ Kf7 73. Re6 Rg1+ 74. Kh3 Rf1 75. Kg4 Rg1+ 76. Kf3 Rf1+ 77. Ke4 Re1+ 78. Kd5 Rxe6 79. fxe6+ Ke7 80.
Ke5 Ke8 81. Kf5 Ke7 82. Ke5 Ke8 83. Kf6 Kf8 84. e7+ Ke8 85. Ke6 1/2-1/2

[Event "Early-Titled-Tuesday-Blitz-April-23-2024"]
[Site "Chess.com"]
[Date "2024.04.23"]
[Round "11"]
[White "Kildepiotr"]
[Black "Anton_Demchenko"]
[Result "0-1"]
[WhiteElo "2747"]
[BlackElo "2981"]
[TimeControl "180+1"]
[EndTime "10:13:08 PDT"]
[Termination "Anton_Demchenko won by resignation"]

1. Nf3 Nf6 2. g3 g6 3. Bg2 Bg7 4. O-O O-O 5. d4 d6 6. Nbd2 Nbd7 7. e4 e5 8. dxe5 Nxe5 9. Nxe5 dxe5 10. Qe2 Bg4 11. f3 Be6 12. Nb3 Nd7 13. Be3 Qe7 14.
Rfd1 a5 15. Nd2 a4 16. a3 Rfb8 17. Qf2 b5 18. c3 Bf8 19. Bf1 c6 20. Bd3 Nc5 21.
Bc2 Rd8 22. Nf1 Nb3 23. Rab1 c5 24. Qe2 c4 25. Rxd8 Rxd8 26. Rd1 h5 27. Bxb3 axb3 28. Rxd8 Qxd8 29. Qd2 Qxd2 30. Nxd2 f5 31. Kf2 Kf7 32.
Bb6 Bd6 33. Ke2 f4 34. Ba5 g5 35. Bb4 Bc7 36. Bc5 Kg6 37. Kf2 g4 38. Nf1 Bd7 39.
Nd2 Be6 40. Nf1 Kf6 41. Nd2 Bf7 42. Nf1 Ke6 43. Nd2 Kd7 44. Ke2 Kc6 45. Ba7 Bd6 46. Bf2 Be7 47. Ba7 Kc7 48. Bf2 Bg5 49. Bc5 Be6 50. Bf2 Kc6 51. Bg1 fxg3 52. hxg3 gxf3+ 53. Ke1 Bg4 54. Bf2 Kd7 55. Kd1 Ke6 56. Ke1 Be7 57. Kd1 Bd6 58. Nf1 Be7 59. Ne3 Bg5 60. Ke1 Kd7 61. Kf1 Be6 62. Ke1 Bf7 63. Kd1 Bg6 64.
a4 bxa4 65. Nxc4 Ke6 66. Nb6 a3 67. bxa3 Bxe4 68. Na4 Bc2+ 69. Ke1 e4 70. c4 e3 71.
Kf1 Bd3+ 72. Ke1 Bxc4 73. Nb2 Bd5 74. a4 Kf5 75. a5 Ke4 76. a6 Bf6 77. Nd1 exf2+ 78.
Kxf2 Bd4+ 79. Ke1 Bc4 80. a7 Bxa7 81. g4 hxg4 82. Nc3+ Kd3 83. Nd1 g3 84. Ne3 Bxe3 0-1

[Event "Early-Titled-Tuesday-Blitz-April-23-2024"]
[Site "Chess.com"]
[Date "2024.04.23"]
[Round "11"]
[White "SahibSinghKnight"]
[Black "kacperkarwowski"]
[Result "0-1"]
[WhiteElo "2625"]
[BlackElo "2534"]
[TimeControl "180+1"]
[EndTime "10:13:18 PDT"]
[Termination "kacperkarwowski won by checkmate"]

1. e4 c6 2. d4 d5 3. e5 c5 4. c3 Nc6 5. Be2 cxd4 6. cxd4 Bf5 7. Nc3 e6 8. Nf3 Nge7 9. O-O Ng6 10. Re1 Be7 11.
Bd3 Bg4 12. Be3 Nh4 13. Be2 Bxf3 14. Bxf3 Nf5 15. Bg4 g6 16. Qd2 h5 17. Bxf5 gxf5 18.
a3 Qb6 19. Na4 Qb3 20. Qd1 Qxd1 21. Raxd1 b6 22. b4 b5 23. Nc3 a6 24. Rc1 Kd7 25. f4 Na7 26. Rc2 Nc8 27. Rec1 Nb6 28. Bf2 Nc4 29. Ra2 Rhc8 30. Be1 Rc6 31. Rb1 Bd8 32. a4 Bb6 33. axb5 Bxd4+ 34. Kh1 Rb6 35.
Ne2 Be3 36. Rba1 Rxb5 37. Rxa6 Rxa6 38. Rxa6 Nb2 39. g3 Nd3 40. Bc3 Nxb4 41. Ra8 Nc6 42. Ra4 Rc5 43. Kg2 Rc4 44. Rxc4 dxc4 45. Kf3 Bc5 46.
h3 Ne7 47. Nc1 Nd5 48. Na2 Nxc3 49. Nxc3 Bd4 50. Ne2 Bb2 51. Ke3 Kc6 52. Kd2 Kd5 53. Kc2 Bd4 54. Kd2 Bf2 55. Kc3 Be1+ 56. Kc2 Ke4 57.
Kd1 Bb4 58. Kc2 Kf3 59. Nd4+ Kxg3 60. Nc6 Be1 61. Nd8 Kxf4 62. Nxf7 Bb4 63. Nd8 Ba5 64. Nxe6+ Kxe5 65. Ng7 f4 66. Nxh5 Bd8 67. Kd2 Bh4 68. Ke2 Ke4 69. Ng7 f3+ 70. Kd2 c3+ 71. Kxc3 f2 72.
Ne6 f1=Q 73. Nc5+ Kd5 74. Nb3 Qc4+ 75. Kb2 Qf4 76. Ka3 Qg3 77. Ka4 Qxh3 78. Na5 Qg4+ 79. Kb5 Qd7+ 80. Nc6 Bf2 81. Ka4 Qxc6+ 82. Kb3 Qc4+ 83.
Kb2 Qd3 84. Ka1 Kc4 85. Ka2 Kb4 86. Ka1 Qe2 87. Kb1 Kb3 88. Kc1 Qe1# 0-1

[Event "Early-Titled-Tuesday-Blitz-April-23-2024"]
[Site "Chess.com"]
[Date "2024.04.23"]
[Round "11"]
[White "tusplingher"]
[Black "KnightDuta"]
[Result "1-0"]
[WhiteElo "2656"]
[BlackElo "2738"]
[TimeControl "180+1"]
[EndTime "10:13:21 PDT"]
[Termination "tusplingher won on time"]

1. e4 d5 2. exd5 Nf6 3. d4 Nxd5 4. Nf3 Bg4 5. Be2 e6 6. h3 Bxf3 7. Bxf3 Nc6 8. O-O Be7 9. c3 O-O 10. Nd2 e5 11. dxe5 Nxe5 12. Be4 c6 13. Nf3 Ng6 14. Re1 Nf6 15. Bc2 Qxd1 16. Rxd1 Bc5 17. Bg5 Nd5 18. Re1 h6 19. Bd2 Rad8 20. Rad1 a5 21.
a3 Bb6 22. c4 Ndf4 23. h4 h5 24. Bxf4 Nxf4 25. Rxd8 Rxd8 26. Re7 Nd3 27. Bxd3 Rxd3 28.
Ng5 g6 29. Rxb7 Rd1+ 30. Kh2 Bxf2 31. Nxf7 Bxh4 32. Ne5 Rd6 33. Rc7 Re6 34. Nxc6 Re3 35. Rc8+ Kg7 36. g3 Bxg3+ 37. Kg2 Bf4 38. Nd4 Be5 39.
Nf3 Bxb2 40. c5 Bxa3 41. c6 Rc3 42. Nd4 Bd6 43. Nb5 Rc2+ 44. Kf3 Be5 45. Ke4 Bg3 46. Kd3 Rc5 47. Nd4 Rd5 48. Ke4 Re5+ 49. Kf3 Bh2 50. c7 Re7 51. Rg8+ Kxg8 52. c8=Q+ Kg7 53. Ne6+ Kf6 54.
Nc5 Kg7 55. Qd8 Rf7+ 56. Kg2 Be5 57. Ne6+ Kh6 58. Qg8 Re7 59. Qf8+ Rg7 60. Nxg7 Bxg7 61. Qf4+ Kh7 62. Kf2 Bh6 63. Qe4 Bg7 64. Kf3 Kh6 65. Qe6 a4 66. Qc4 a3 67. Qa6 Bb2 68. Ke4 Kg5 69. Qe6 h4 70. Qe7+ Kh5 71. Kf4 Bc1+ 72. Kf3 Bb2 73. Qh7+ Kg5 74. Qg8 Kf5 75. Qd5+ Kf6 76.
Kg4 1-0

[Event "Early-Titled-Tuesday-Blitz-April-23-2024"]
[Site "Chess.com"]
[Date "2024.04.23"]
[Round "11"]
[White "LionelMessiFCB"]
[Black "Abund"]
[Result "1/2-1/2"]
[WhiteElo "2486"]
[BlackElo "2772"]
[TimeControl "180+1"]
[EndTime "10:13:24 PDT"]
[Termination "Game drawn by repetition"]

1. c4 g6 2. g3 e5 3. Bg2 Bg7 4. Nc3 Ne7 5. e3 Nbc6 6. Nge2 Nf5 7. O-O O-O 8. Rb1 a5 9. a3 d6 10. b4 axb4 11. axb4 Nce7 12. d4 c6 13. b5 Be6 14.
bxc6 bxc6 15. d5 Bd7 16. Ne4 cxd5 17. cxd5 h5 18. N2c3 Qc7 19. Bd2 Rfb8 20. Qe2 Bc8 21. Rfc1 Ba6 22. Rxb8+ Qxb8 23. Qd1 Bc4 24. Rb1 Qc7 25.
Be1 Nc8 26. Nb5 Qd7 27. Nec3 Nfe7 28. Rb4 Nb6 29. Qb1 Bxd5 30. Nxd5 Nbxd5 31. Rb2 Rb8 32.
e4 Nc7 33. Nxc7 Rxb2 34. Qxb2 Qxc7 35. Bf1 Bf8 36. Qc3 Qb7 37. f3 Nc6 38. Bc4 Qb1 39.
Kg2 Nd4 40. Bf2 Bg7 41. Bd5 Qb8 42. f4 Qe8 43. fxe5 dxe5 44. Qc7 Ne6 45. Qd6 Nf8 46.
Bc5 Nd7 47. Be3 Nf6 48. Bc6 Qc8 49. Bb6 Ng4 50. h3 Nf6 51. Bd8 Nh7 52. Be7 Nf8 53. Bd5 Qc2+ 54. Kf3 Qd3+ 55. Kg2 Qe2+ 56. Kg1 Qe3+ 57.
Kg2 Qe2+ 58. Kg1 Ne6 59. Bxe6 fxe6 60. Qxe6+ Kh7 61. Qf7 Qe3+ 62. Kg2 Qxe4+ 63. Kg1 Qb1+ 64. Kg2 Qc2+ 65. Kg1 Qc7 66. g4 hxg4 67. hxg4 e4 68. g5 Qg3+ 69. Kf1 Qd3+ 70. Kg2 Qd2+ 71. Kg3 Qe1+ 72.
Kg2 Qe2+ 73. Kg3 Qe3+ 74. Kg2 Qd2+ 75. Kg3 Qc3+ 76. Kg2 Qb2+ 77. Kg3 Qe5+ 78. Kg2 Qb2+ 79. Kh3 Qc3+ 80. Kg2 Qd2+ 1/2-1/2

[Event "Early-Titled-Tuesday-Blitz-April-23-2024"]
[Site "Chess.com"]
[Date "2024.04.23"]
[Round "11"]
[White "FairChess_on_YouTube"]
[Black "Fy_Rakotomaharo"]
[Result "1-0"]
[WhiteElo "3080"]
[BlackElo "2745"]
[TimeControl "180+1"]
[EndTime "10:13:25 PDT"]
[Termination "FairChess_on_YouTube won by resignation"]

1. d4 d5 2. c4 e6 3. Nc3 Bb4 4. cxd5 exd5 5. Bf4 Nf6 6. e3 O-O 7. Bd3 Re8 8. Ne2 c6 9. h3 a5 10. a3 Bd6 11. O-O Na6 12. Qc2 Nc7 13. Bg5 h6 14. Bh4 Ne6 15. Rae1 Ng5 16. Nf4 Qc7 17. Bg3 Nge4 18.
Bxe4 dxe4 19. Rd1 Bf5 20. Nfe2 Bxg3 21. fxg3 Bg6 22. Rxf6 gxf6 23. Rf1 Qd6 24. g4 b5 25. Nf4 b4 26. axb4 axb4 27. Na4 b3 28. Qxb3 Reb8 29. Qc2 Qb4 30. Nxg6 fxg6 31. Qxe4 Kg7 32.
Nc5 Ra7 33. Ne6+ Kh7 34. Rxf6 Rg8 35. g5 h5 36. Nf4 Re7 37. Qxc6 Qe1+ 38. Kh2 Qxe3 39.
Qd6 h4 40. Nd5 Qg3+ 41. Qxg3 hxg3+ 42. Kxg3 Rb7 43. b4 Rd8 44. Nf4 Rxb4 45. Rxg6 Rdxd4 46. Rh6+ Kg8 47. Rf6 Rb3+ 48. Kg4 Rb2 49. g3 Rbb4 50. h4 Rd7 51. h5 Rb3 52. h6 Ra7 53. g6 Rb8 54. Rd6 Rab7 55. Rd5 Rb6 56. Rd7 R6b7 57. Rd5 Rb5 58. Rd4 Rb4 59. Rd7 R4b7 60. Rxb7 Rxb7 61. Kf5 Rb5+ 62. Kf6 Rb3 63. g4 Rb4 64. Kf5 Rb5+ 65. Kf6 Rb4 66. Kg5 Rb5+ 67. Kh4 Rb4 68. Nh5 Rb6 69. Nf4 Rb4 70. Ne6 Rb6 71. h7+ Kh8 72. Nf4 Kg7 73. g5 Rb4 74. Kg4 Ra4 75. Kf3 Ra3+ 76. Ke2 Ra6 77. Nh5+ Kh8 78. Nf6 Kg7 79. Kf3 Ra3+ 80. Kg4 Ra4+ 81. Kh5 Ra1 82. Ne8+ Kh8 83. Nd6 Rh1+ 84. Kg4 Rg1+ 85. Kf3 Rf1+ 86. Ke2 Rg1 87. Nf7+ Kg7 88. h8=Q+ 1-0

[Event "Early-Titled-Tuesday-Blitz-April-23-2024"]
[Site "Chess.com"]
[Date "2024.04.23"]
[Round "11"]
[White "ccccvhhhj"]
[Black "LeRoidesChampions"]
[Result "0-1"]
[WhiteElo "2460"]
[BlackElo "2610"]
[TimeControl "180+1"]
[EndTime "10:13:37 PDT"]
[Termination "LeRoidesChampions won on time"]

1. e4 c5 2. Nf3 e6 3. b4 cxb4 4. a3 bxa3 5. Nxa3 Nc6 6. c3 d5 7.
e5 d4 8. Bd3 Bc5 9. O-O Nge7 10.
Nc4 Ng6 11. Nd6+ Bxd6 12. exd6 dxc3 13. dxc3 O-O 14. Ba3 Re8 15. Qe2 e5 16. Qe3 Be6 17.
g3 f6 18. h4 Qd7 19. h5 Nf8 20. Rad1 Bf7 21. h6 g6 22. Nd2 f5 23. Bc4 Ne6 24. Nf3 e4 25. Nd4 Nexd4 26. Bxf7+ Qxf7 27. cxd4 Rad8 28. Qc3 Rd7 29. Rb1 Qd5 30. Rfd1 Nd8 31. Qe3 Ne6 32. Qe2 Ng5 33. Kg2 Nf3 34. Rb5 Qf7 35. Qb2 f4 36. Rc1 Ng5 37. Rbc5 fxg3 38. Rxg5 Qf3+ 39. Kg1 gxf2+ 40. Qxf2 Qxa3 41. Rf1 Qxd6 42. Re5 Red8 43. Rxe4 Rf8 44. Rf4 Rxf4 45. Qxf4 Qxd4+ 46. Qxd4 Rxd4 47. Rc1 Rd8 48. Rc7 Rb8 49. Kf2 a5 50.
Rg7+ Kh8 51. Rc7 b5 52. Ke2 b4 53. Kd2 b3 54. Kc1 a4 55. Ra7 Kg8 56. Rxa4 b2+ 57. Kb1 Rb7 58. Ra8+ Kf7 59. Rh8 Kf6 60. Rg8 Kg5 61. Rg7 Rb6 62. Rxh7 Kh5 63. Rh8 g5 64. h7 Rb7 65. Rg8 Rxh7 66. Kxb2 Rc7 67. Rh8+ Kg4 68. Re8 Kg3 69. Rg8 g4 70. Rf8 Kg2 71. Rg8 g3 72. Rh8 Kf2 73. Rf8+ Kg1 74. Rh8 g2 75. Rg8 Rc5 76. Rf8 Kh2 77. Rh8+ Kg3 78. Rg8+ Kh3 79.
Kb3 Rc1 80. Rh8+ Kg3 81. Rg8+ Kf3 82. Rf8+ Ke4 83. Re8+ Kd5 84. Rd8+ Ke6 85. Re8+ Kd7 86. Rg8 g1=Q 0-1